 Dungeon Crawl Stone Soup version 0.26.0-18-gc5c842f807 (webtiles) character file.

Game seed: 14591769644184587327

991 thiole the Sneak (level 8, -12/46 HPs)
             Began as an Octopode Hedge Wizard on Jan 23, 2021.
             Killed from afar by Ijyb (21 damage)
             ... with a bolt of acid
             ... on level 5 of the Dungeon.
             The game lasted 00:13:07 (6389 turns).

thiole the Sneak (Octopode Hedge Wizard)            Turns: 6389, Time: 00:13:08

Health: -12/46     AC:  1    Str: 10    XL:     8   Next: 18%
Magic:  15/15      EV: 13    Int: 18    God:
Gold:   186        SH:  0    Dex: 11    Spells: 9/17 levels left

rFire    . . .     SeeInvis .   p - +1 scythe (venom)
rCold    . . .     Faith    .   (shield currently unavailable)
rNeg     + . .     Spirit   .   b - +0 hat
rPois    .         Reflect  .   q - amulet of magic regeneration
rElec    .         Harm     .   e - ring of wizardry
rCorr    .         Rampage  .   l - ring of positive energy
Will     .....                  (no ring)
Stlth    ++++......             (no ring)
HPRegen  0.15/turn              (no ring)
MPRegen  0.39/turn              (no ring)
                                (no ring)
                                (no ring)

@: no status effects
A: almost no armour, stealthy swim, amphibious, 8 rings, constrict 8, camouflage
1, gelatinous body 1
a: no special abilities


You were on level 5 of the Dungeon.
You visited 1 branch of the dungeon, and saw 5 of its levels.

You collected 186 gold pieces.

Inventory:

Hand Weapons
 a - a +0 dagger
 p - a +1 scythe of venom (weapon)
 t - a +1 dagger of chaos
 u - a +1 dire flail of protection
Armour
 b - a +0 hat (worn)
Jewellery
 e - a ring of wizardry (left tentacle)
 l - a ring of positive energy (right tentacle)
 q - an amulet of magic regeneration (around mantle)
Scrolls
 c - 4 scrolls of remove curse {unknown}
 g - 2 scrolls of teleportation {unknown}
 n - 2 scrolls of amnesia {unknown}
 o - a scroll of fog {unknown}
 r - a scroll of noise {unknown}
 v - a scroll of identify
Potions
 d - a potion of haste {unknown}
 f - 2 potions of might {unknown}
 h - a potion of curing
 i - 3 potions of flight {unknown}
 j - 3 potions of heal wounds {unknown}
 k - a potion of invisibility {unknown}
 m - 2 potions of berserk rage {unknown}
 s - a potion of attraction {unknown}


   Skills:
 - Level 2.0 Dodging
 + Level 6.9 Stealth
 + Level 5.1 Spellcasting
 - Level 4.0 Conjurations
 + Level 1.7 Hexes
 - Level 2.0 Summonings
 - Level 1.0 Translocations
 * Level 4.2 Air Magic


You had 9 spell levels left.
You knew the following spells:

 Your Spells              Type           Power        Failure   Level
a - Magic Dart            Conj           72%          1%          1
b - Call Imp              Summ           11%          3%          2
c - Slow                  Hex            10%          4%          2
d - Mephitic Cloud        Conj/Pois/Air  14%          5%          3

Your spell library contained the following spells:

 Spells                   Type           Power        Failure   Level
 Blink                    Tloc           N/A          5%          2
 Conjure Flame            Conj/Fire      11%          7%          3


Dungeon Overview and Level Annotations

Branches:
Dungeon (5/15)
 Temple: D:4-7

Altars:
Cheibriados
Hepliaklqana
Makhleb
Okawaru
Sif Muna
Trog
Uskayaw
Xom
Zin
The Shining One

Shops:
D:4 *

Annotations:
D:5 Ijyb


Innate Abilities, Weirdness & Mutations

You cannot wear most types of armour.
You are very stealthy in the water. (Stealth+)
You are amphibious.
You can wear up to eight rings at the same time.
You can use your tentacles to constrict eight enemies at once.
Your skin changes colour to match your surroundings (Stealth+).
Your rubbery body absorbs attacks. (AC +1, EV +1)


Message History

The ufetubus is severely wounded.
You constrict the ufetubus.
You kill the ufetubus!
You start resting.
HP restored.
Found a stone staircase leading down.
An orc and Ijyb come into view.
Ijyb is wielding a +1 dagger of draining, wearing a +3 ring mail of fire resistance and carrying a wand of acid (12).
An orc comes into view. It is wielding a +0 short sword.
An orc comes into view.
Found 8 gold pieces.
The helpless Ijyb fails to defend herself.
You hit Ijyb but do no damage.
Ijyb is poisoned.
You grab Ijyb. You constrict Ijyb, but do no damage.
Ijyb zaps a wand.
The bolt of acid hits you!!
Ouch! That really hurt!
You are splashed with acid!
* * * LOW HITPOINT WARNING * * *
Ijyb zaps a wand.
The bolt of acid hits you!!
You die...

#................#
##...............##
##...............#
##.............#
##...........#
##...^...>.#
###.......### .
###...#...##.$..
######@.......
##g...... .......
....... ...o...
...o... o......
.......


You could see Ijyb (very poisoned) and 3 orcs.

Vanquished Creatures
  Grinder (D:4)
  Sigmund (D:4)
  Edmund (D:4)
  A phantom (D:4)
  An ogre (D:4)
  A crimson imp (D:4)
  An orc priest (D:4)
  A centaur skeleton (D:4)
  An iguana (D:4)
  2 worker ants (D:4)
  4 adders (D:3)
  A gnoll (D:3)
  An ufetubus (D:5)
  An ooze (D:3)
  A worm (D:2)
  A dart slug (D:3)
  5 leopard geckos
  8 orcs
  4 ball pythons
  7 giant cockroaches
  9 goblins
  13 hobgoblins
  4 jackals (D:1)
  8 kobolds
  A quokka (D:5)
  11 bats
  4 frilled lizards
  A leopard gecko skeleton (D:4)
  9 rats
104 creatures vanquished.

Vanquished Creatures (collateral kills)
  A black bear (D:3)
  An ogre (D:4)
  A scorpion (D:4)
  A worker ant (D:4)
  An orc (D:4)
  A giant cockroach (D:4)
6 creatures vanquished.

Grand Total: 110 creatures vanquished

Notes
Turn   | Place    | Note
-------+----------+-------------------------------------------
     0 | D:1      | thiole the Octopode Hedge Wizard began the quest for the
                  | Orb.
     0 | D:1      | Reached XP level 1. HP: 11/11 MP: 4/4
   515 | D:1      | Reached XP level 2. HP: 9/17 MP: 0/6
   735 | D:1      | Reached skill level 3 in Stealth
  1029 | D:1      | Reached XP level 3. HP: 21/21 MP: 3/7
  1854 | D:2      | You fall into a shaft and drop 1 floor!
  1944 | D:3      | Reached XP level 4. HP: 27/27 MP: 1/8
  2471 | D:2      | Found a hide-covered altar of Uskayaw.
  2731 | D:2      | Reached skill level 4 in Stealth
  3222 | D:3      | Reached XP level 5. HP: 31/31 MP: 7/10
  3343 | D:3      | Learned a level 2 spell: Call Imp
  3346 | D:3      | Learned a level 2 spell: Slow
  3350 | D:3      | Learned a level 3 spell: Mephitic Cloud
  3513 | D:3      | Found an iron altar of Okawaru.
  3517 | D:3      | Found a snail-covered altar of Cheibriados.
  3528 | D:3      | Found a bloodstained altar of Trog.
  3558 | D:3      | Found a hazy altar of Hepliaklqana.
  3570 | D:3      | Found a glowing silver altar of Zin.
  3877 | D:3      | Found a glowing golden altar of the Shining One.
  4123 | D:3      | Noticed a black bear
  4135 | D:3      | Killed a black bear
  4136 | D:3      | Reached skill level 1 in Air Magic
  4251 | D:4      | Noticed Sigmund
  4259 | D:4      | Killed Sigmund
  4260 | D:4      | Reached XP level 6. HP: 25/36 MP: 10/12
  4388 | D:4      | Reached skill level 5 in Stealth
  4449 | D:4      | Noticed a phantom
  4720 | D:4      | Reached XP level 7. HP: 41/41 MP: 7/13
  4797 | D:4      | Noticed Grinder
  4834 | D:4      | Killed Grinder
  4835 | D:4      | Reached skill level 6 in Stealth
  5069 | D:4      | Found a shimmering blue altar of Sif Muna.
  5253 | D:4      | Found a burning altar of Makhleb.
  5254 | D:4      | Found a shimmering altar of Xom.
  5527 | D:4      | Noticed Edmund
  5537 | D:4      | Killed Edmund
  5650 | D:4      | Reached skill level 1 in Hexes
  5650 | D:4      | Found Yboprezxu's Lightly-Used Armoury.
  5832 | D:4      | Reached skill level 5 in Spellcasting
  5832 | D:4      | Reached XP level 8. HP: 30/46 MP: 15/15
  6234 | D:5      | Entered Level 5 of the Dungeon
  6385 | D:5      | Noticed Ijyb
  6389 | D:5      | Killed from afar by Ijyb

Illustrated notes

Levels and vault maps discovered:
D:1:      sevenhm_arrival_forest_fort_large_4, layout_rooms, minivault_5,
          grunt_decor_junction
D:2:      layout_loops_cross, eat_drink_and_be_merry_uskayaw
D:3:      minmay_evil_eye, layout_basic, lemuel_coloured_pillars_altar,
          gammafunk_temple_overflow_pools, minmay_overflow_temple_star_quad
D:4:      layout_basic, grunt_temple_overflow_champion_of_chaos,
          marbit_many_paths, minmay_shop_damaged, uniq_sigmund, uniq_grinder,
          uniq_edmund
D:5:      layout_cave_pods, lemuel_doored_altar, nemelex_lonely_heart_becter,
          uniq_ijyb

Skill      XL: |  1  2  3  4  5  6  7 |
---------------+----------------------+-----
Stealth        | 3 4 5 6 |  6.9
Conjurations   | 2 3 4 |  4.0
Summonings     | 2 |  2.0
Air Magic      | 1 2 4 |  4.2
Spellcasting   | 4 5 |  5.1
Hexes          | 1 |  1.7
Dodging        | |  2.0
Translocations | |  1.0

Action                   |  1- 3 |  4- 6 |  7- 9 || total
-------------------------+-------+-------+-------++-------
Melee: Dagger            |    27 |    31 |       ||    58
       Constrict         |     6 |     9 |    10 ||    25
       Tentacles         |     3 |     7 |     5 ||    15
       Scythe            |       |       |    42 ||    42
 Cast: Magic Dart        |    92 |   126 |     4 ||   222
       Call Imp          |       |    11 |    21 ||    32
       Mephitic Cloud    |       |       |     2 ||     2
       Slow              |       |       |     1 ||     1
  Use: Scroll            |     2 |     1 |       ||     3
       Potion            |       |     2 |       ||     2
 Stab: Sleeping          |       |       |     4 ||     4
       Distracted        |       |       |     2 ||     2
       Confused          |       |       |     1 ||     1
Armor: Skin              |     3 |     4 |     3 ||    10
Dodge: Dodged            |    27 |    36 |    23 ||    86
